AoeStats
← Peppenwolf

Pilgrims

509925695Analyzed
2v2 RM · 4d ago on Sep 28, 2026· 30m 7s· 4 players
Game mode
Random Map
Map size
Medium (4 player)
Population
200
Speed
Normal
Resources
Standard
Victory
Conquest
Starting age
Dark Age
Ending age
Imperial Age
RankedLock teamsTeams togetherTeam positionsShared explorationLock speedFull tech treeHidden civsTurbo modeCheats
Victory
Defeat
🇩🇪 Varangians · Germany
1095
+13
🇮🇳 Danes · India
1083
+14
🇨🇭 Japanese · Switzerland
1143
-17
🇨🇭 Vikings · Switzerland
932
-10
turgin
8:27 Loom
10:28 Feudal Age
24:46 Castle Age
24:01 Scale Mail Armor
24:45 Pikeman
28:42 Chain Mail Armor
Peppenwolf
4:35 Loom
5:04 Loom
5:08 Loom
5:37 Loom
6:19 Loom
6:33 Loom
7:36 Loom
7:44 Loom
8:41 Loom
12:28 Feudal Age
13:03 Horse Collar
13:13 Double-Bit Axe
13:37 Stone Mining
13:40 Gold Mining
13:34 Fishing Lines
15:08 Fletching
16:10 Loom
24:30 Castle Age
lotse23
10:16 Loom
12:32 Feudal Age
14:00 Double-Bit Axe
16:43 Castle Age
17:02 Gold Mining
16:57 Horse Collar
19:39 Scale Barding Armor
20:57 Husbandry
21:10 Bloodlines
27:04 Forging
29:13 Wheelbarrow
29:11 Chain Barding Armor
30:30 Fletching
Baristan
5:23 Loom
10:15 Feudal Age
11:12 Double-Bit Axe
16:04 Gold Mining
18:19 Forging
20:11 Castle Age
18:32 Fishing Lines
18:36 Horse Collar
20:41 Stone Mining
21:11 Medium Warships
21:39 Iron Casting
22:53 Fletching
23:52 Gillnets
25:41 Scale Mail Armor
28:43 Bodkin Arrow
Connection lost

Rejoining the realm…

Still unreachable

The connection could not be restored.

Session expired

The server has moved on; the page needs a fresh start.